 Dungeon Crawl Stone Soup version 0.27-a0-1502-g47ed6a6988 (webtiles) character file.

Game seed: 4933631722079342526

2872 trckry the Arsonist (level 9, -5/45 HPs)
             Began as a Deep Elf Fire Elementalist on July 8, 2021.
             Slain by a centaur (11 damage)
             ... on level 6 of the Dungeon.
             The game lasted 00:14:18 (8103 turns).

trckry the Arsonist (Deep Elf Fire Elementalist)    Turns: 8103, Time: 00:14:19

Health: -5/45      AC:  5    Str:  3    XL:     9   Next: 47%
Magic:  15/23      EV: 12    Int: 24    God:
Gold:   302        SH:  0    Dex: 15    Spells: 23/24 levels left

rFire    . . .     SeeInvis +   b - +7 rapier of the Morning {holy, +Blink rCorr Str-5 Int+3}
rCold    . . .     Faith    .   (no shield)
rNeg     . . .     Spirit   .   i - +0 robe
rPois    .         Reflect  .   (no helmet)
rElec    .         Harm     .   l - +0 cloak
rCorr    +         Rampage  .   s - +0 pair of gloves
Will     .....                  q - +0 pair of boots
Stlth    ++........             (no amulet)
HPRegen  0.15/turn              e - ring of see invisible
MPRegen  0.18/turn              o - +4 ring of slaying

@: no status effects
A: no striking features
a: Evoke Blink


You were on level 6 of the Dungeon.
You visited 1 branch of the dungeon, and saw 6 of its levels.

You collected 302 gold pieces.

Inventory:

Hand Weapons
 a - a +3 dagger of venom
 b - the +7 rapier of the Morning (weapon) {holy, +Blink rCorr Str-5 Int+3}
   (You found it on level 4 of the Dungeon)

   It has been blessed by the Shining One to cause great damage to the undead
   and demons.
   Str:       It affects your strength (-5).
   Int:       It affects your intelligence (+3).
   +Blink:    It lets you blink.
   rCorr:     It protects you from acid and corrosion.
Armour
 i - a +0 robe (worn)
 l - a +0 cloak (worn)
 q - a +0 pair of boots (worn)
 s - a +0 pair of gloves (worn)
Jewellery
 e - a ring of see invisible (left hand)
 o - a +4 ring of slaying (right hand)
Wands
 j - a wand of charming (9)
 t - a wand of paralysis (11)
 u - a wand of digging (4)
Scrolls
 c - 4 scrolls of identify
 d - 5 scrolls of teleportation
 f - 4 scrolls of amnesia
 h - a scroll of enchant weapon
 k - a scroll of fear
 n - 2 scrolls of magic mapping
 r - a scroll of vulnerability
Potions
 m - a potion of curing
 p - 2 potions of haste


   Skills:
 - Level 2.4 Dodging
 - Level 2.4 Stealth
 + Level 8.2 Spellcasting
 * Level 9.1 Conjurations
 * Level 9.7 Fire Magic


You had 23 spell levels left.
You knew the following spells:

 Your Spells              Type           Power      Damage    Failure   Level
a - Foxfire               Conj/Fire      100%       2x1d9     1%          1

Your spell library contained the following spells:

 Spells                   Type           Power      Damage    Failure   Level
 Conjure Flame            Conj/Fire      53%        6-21      1%          3
 Sticky Flame             Conj/Fire      53%        2d7       1%          4
 Inner Flame              Hex/Fire       33%        N/A       2%          3
 Fireball                 Conj/Fire      26%        3d12      3%          5
 Ozocubu's Armour         Ice            9%         N/A       19%         3
 Metabolic Englaciation   Hex/Ice        4%         N/A       87%         5
 Simulacrum               Ice/Necr       4%         N/A       100%        6


Dungeon Overview and Level Annotations

Branches:
Dungeon (6/15)
 Temple: D:4-7

Altars:
Wu Jian


Message History

The two-headed ogre is severely wounded.
The two-headed ogre closely misses you. x2
You now have 16/22 mp.
Casting: Foxfire (safe; 1% risk of failure)
Confirm with . or Enter, or press ? or * to list all spells.
You conjure some foxfire!
The foxfire hits the two-headed ogre.
The two-headed ogre is almost dead.
The foxfire hits the two-headed ogre but does no damage.
The two-headed ogre is almost dead.
The two-headed ogre hits you with a +0 giant club!
The two-headed ogre hits you with a +0 giant club!!
* * * LOW HITPOINT WARNING * * *
You take 35 damage, and have 10/45 hp.
MASSIVE DAMAGE!!
You now have 15/22 mp.
Casting: Foxfire (safe; 1% risk of failure)
Confirm with . or Enter, or press ? or * to list all spells.
You conjure some foxfire!
The foxfire hits the two-headed ogre.
The two-headed ogre is almost dead.
The foxfire hits the two-headed ogre.
The two-headed ogre is almost dead.
The centaur shoots an arrow.
The arrow barely misses you. The arrow hits your foxfire!
The two-headed ogre barely misses you.
The two-headed ogre hits you but does no damage.
The centaur shoots an arrow.
The arrow completely misses you. The arrow hits your foxfire.
You now have 14/22 mp.
The foxfire hits the two-headed ogre.
You kill the two-headed ogre!
The foxfire hits the centaur.
The centaur is moderately wounded.
The centaur shoots an arrow.
The arrow hits you!
* * * LOW HITPOINT WARNING * * *
Your Spellcasting skill increases to level 8!
Your Conjurations skill increases to level 9!
You take 9 damage, and have 1/45 hp.
You feel better.
The centaur shoots an arrow.
The arrow hits you.
* * * LOW HITPOINT WARNING * * *
You regained 5 hp, and now have 6/45 hp.
The centaur unwields a +0 shortbow.
The centaur wields a +0 war axe.
The centaur hits you with a +0 war axe!
You die...

..... ######c# ###.
...........'...##Z# #.
8⌠.........###)##.# #.
...........# #.##.# #.
...........###)##.# #.
.............#.##.# #.
.......[.....#..#.#[..#.
......)......'..#.#...#.
......c@..)..##.#.#...#.
.............##...#...#.
.........[...##...#...#.
.............##...#...#.
.............<..#.#...#.
.............####.....#'
.......).....# #.......
.............# #.......
..##........ #)......


You could see a centaur.

Vanquished Creatures
  A two-headed ogre (D:6)
  Sigmund (D:2)
  Edmund (D:6)
  An acid dragon (D:6)
  An orc warrior (D:6)
  A black bear (D:5)
  An ice beast (D:6)
  A necrophage (D:5)
  5 ogres
  A phantom (D:6)
  A gnoll sergeant (D:6)
  A scorpion (D:5)
  A wyvern skeleton (D:6)
  3 water moccasin skeletons
  2 howler monkeys (D:6)
  A jelly (D:6)
  A crimson imp (D:5)
  2 orc priests
  4 hounds
  2 centaur skeletons
  4 iguanas
  A hound skeleton (D:4)
  3 gnolls (D:6)
  2 adders (D:3)
  2 shadow imps (D:6)
  A white imp (D:5)
  3 worms
  3 dart slugs
  11 orcs
  4 bats
  7 endoplasms
  2 giant cockroaches
  6 goblins
  8 hobgoblins
  2 jackals (D:3)
  13 kobolds
  2 quokkas
  7 ball pythons
  3 frilled lizards
  5 rats
121 creatures vanquished.

Vanquished Creatures (others)
  565 foxfires
565 creatures vanquished.

Grand Total: 686 creatures vanquished

Notes
Turn   | Place    | Note
-------+----------+-------------------------------------------
     0 | D:1      | trckry the Deep Elf Fire Elementalist began the quest for
                  | the Orb.
     0 | D:1      | Reached XP level 1. HP: 10/10 MP: 6/6
   280 | D:1      | Reached XP level 2. HP: 15/15 MP: 4/8
   870 | D:1      | Found a faded altar of an unknown god.
  1130 | D:1      | Reached XP level 3. HP: 19/19 MP: 6/9
  2120 | D:2      | Noticed Sigmund
  2835 | D:2      | Killed Sigmund
  2836 | D:2      | Reached skill level 5 in Fire Magic
  2836 | D:2      | Reached XP level 4. HP: 24/24 MP: 3/12
  2836 | D:2      | Reached XP level 5. HP: 28/28 MP: 3/13
  3229 | D:3      | Reached XP level 6. HP: 32/32 MP: 0/14
  4387 | D:4      | Identified the +7 rapier of the Morning {holy, +Blink rCorr
                  | Str-5 Int+3}
  4475 | D:4      | Reached skill level 5 in Spellcasting
  4548 | D:4      | Reached skill level 5 in Conjurations
  4599 | D:4      | Reached XP level 7. HP: 34/36 MP: 6/16
  4671 | D:4      | Found an ornate altar of the Wu Jian Council.
  5507 | D:5      | Entered Level 5 of the Dungeon
  5691 | D:5      | Reached XP level 8. HP: 41/41 MP: 6/19
  6902 | D:6      | Noticed Edmund
  7204 | D:6      | HP: 6/41 [Edmund (6)]
  7206 | D:6      | Killed Edmund
  7620 | D:6      | Noticed a two-headed ogre
  7800 | D:6      | Reached XP level 9. HP: 17/45 MP: 9/22
  8101 | D:6      | Killed a two-headed ogre
  8101 | D:6      | HP: 1/45 [centaur/arrow (10)]
  8103 | D:6      | Slain by a centaur

Illustrated notes

Levels and vault maps discovered:
D:1:      amcnicky_arrival_double_pillar, layout_basic,
          shapermc_ecumenical_altar_totnotflames
D:2:      layout_basic, uniq_sigmund
D:3:      layout_loops_corners, skrybe_limestone_x
D:4:      layout_basic, minmay_ruined_shrine
D:5:      layout_loops_ring
D:6:      layout_basic, grunt_temple_overflow_champion_of_chaos,
          minmay_temple_entry_drinking_statues, uniq_edmund

Skill      XL: |  1  2  3  4  5  6  7  8  9 |
---------------+----------------------------+-----
Conjurations   | 2 3 4 5 6 8 9 |  9.1
Fire Magic     | 5 6 7 8 9 |  9.7
Spellcasting   | 4 5 6 7 8 |  8.2
Dodging        | |  2.4
Stealth        | |  2.4

Action                   |  1- 3 |  4- 6 |  7- 9 || total
-------------------------+-------+-------+-------++-------
Melee: Dagger            |     6 |    16 |    22 ||    44
       Rapier            |       |       |     8 ||     8
 Cast: Foxfire           |    98 |    94 |   178 ||   370
  Use: Scroll            |       |       |    10 ||    10
       Potion            |       |       |     4 ||     4
 Stab: Sleeping          |     1 |       |       ||     1
Armor: Robe              |     3 |    11 |    20 ||    34
Dodge: Dodged            |    15 |    22 |    38 ||    75

Table legend: (Time is in decaauts)
 A = Elapsed time spent in this place.
 B = Non-inter-level travel time spent in this place.
 C = Inter-level travel time spent in this place.
 D = Time resting spent in this place.
 E = Time spent auto-exploring this place.
 F = Levels seen in this place.
 G = Mean time per level.
                   A        B        C        D        E       F      G
               +--------+--------+--------+--------+--------+-----+--------+
         Total |   8072 |   7690 |    382 |    523 |   6141 |   6 | 1345.3 |
       Dungeon |   8072 |   7690 |    382 |    523 |   6141 |   6 | 1345.3 |
               +--------+--------+--------+--------+--------+-----+--------+

Top non-repeatable levels by time:
     D:5: 1707 daAuts
     D:1: 1524 daAuts
     D:4: 1458 daAuts
     D:2: 1451 daAuts
     D:3: 1171 daAuts
     D:6: 759 daAuts
